 Dungeon Crawl Stone Soup version 0.30.1-11-g7821555f0a (webtiles) character file.

Game seed: 9813896503297175511

434 Martska the Trooper (level 6, -29/51 HPs)
             Began as a Demonspawn Fighter on Dec 14, 2023.
             Annihilated by an ogre
             ... wielding a +0 giant spiked club
              (33 damage)
             ... on level 5 of the Dungeon.
             The game lasted 00:04:30 (3858 turns).

Martska the Trooper (Demonspawn Fighter)            Turns: 3858, Time: 00:04:30

Health: -29/51     AC:  7    Str: 19    XL:     6   Next: 67%
Magic:  6/6        EV: 10    Int:  9    God:
Gold:   250        SH:  4    Dex: 12    Spells: 5/5 levels left

rFire   . . .        i - +2 spear (venom)
rCold   . . .        c - +0 buckler
rNeg    . . .        b - +0 scale mail
rPois   .            (helmet restricted)
rElec   .            (no cloak)
rCorr   .            (no gloves)
SInv    +            (no boots)
Will    .....        (no amulet) Stlth
                     e - ring of see invisible
HPRegen 0.28/turn    (no ring)
MPRegen 0.10/turn

%: no passive effects
@: no status effects
A: horns 2
a: no special abilities


You were on level 5 of the Dungeon.
You visited 2 branches of the dungeon, and saw 6 of its levels.

You collected 250 gold pieces.

Inventory:

Hand Weapons
 a - a +0 war axe
 i - a +2 spear of venom (weapon)
Armour
 b - a +0 scale mail (worn)
 c - a +0 buckler (worn)
Jewellery
 e - a ring of see invisible (left hand)
 u - a ring of poison resistance
Wands
 o - a wand of roots (4)
Scrolls
 f - a scroll of fog {unknown}
 g - 4 scrolls of teleportation {unknown}
 k - 6 scrolls of identify {unknown}
 l - a scroll of enchant armour {unknown}
 n - a scroll of noise {unknown}
 r - 3 scrolls of fear {unknown}
 s - a scroll of immolation {unknown}
Potions
 d - a potion of might
 h - 3 potions of curing
 j - a potion of degeneration {unknown}
 m - 3 potions of cancellation {unknown}
 p - 2 potions of heal wounds {unknown}
 q - a potion of brilliance {unknown}
 t - 2 potions of flight {unknown}


   Skills:
 * Level 5.0 Fighting
 - Level 1.7 Axes
 + Level 3.7 Armour
 * Level 3.4 Dodging
 + Level 3.6 Shields


You had 5 spell levels left.
You didn't know any spells.
Your spell library contained the following spells:

 Spells                   Type           Power      Damage    Failure   Level
 Necrotise                Necr           0%         1d4       83%         1
 Cigotuvi's Dreadful Rot  Necr/Pois/Air  0%         N/A       92%         2
 Gell's Gravitas          Tloc           0%         N/A       99%         3
 Ignite Poison            Fire/Tmut/Pois 0%         N/A       99%         3
 Stone Arrow              Conj/Erth      0%         3d7       99%         3
 Teleport Other           Tloc           0%         N/A       99%         3
 Vampiric Draining        Necr           0%         2d6       99%         3
 Animate Armour           Summ/Erth      0%         N/A       100%        4
 Summon Ice Beast         Ice/Summ       0%         N/A       100%        4
 Agony                    Necr           0%         N/A       100%        5
 Freezing Cloud           Conj/Ice/Air   0%         6-21      100%        5
 Summon Mana Viper        Hex/Summ       0%         N/A       100%        5
 Dispersal                Tloc           0%         N/A       100%        6
 Monstrous Menagerie      Summ           0%         N/A       100%        7
 Lehudib's Crystal Spear  Conj/Erth      0%         10d2      100%        8


Dungeon Overview and Level Annotations

Branches:
Dungeon (5/15)             Temple (1/1) D:4

Altars:
Ashenzari
Cheibriados
Dithmenos
Fedhas
Gozag
Hepliaklqana
Nemelex Xobeh
Okawaru
Qazlal
Ru
Vehumet


Innate Abilities, Weirdness & Mutations

You have a pair of horns on your head.


Message History

You kill the water moccasin!
Your Fighting skill increases to level 5!
You start resting.
An orc comes into view. It is wielding a +0 flail.
The orc shouts!
You hit the orc.
You kill the orc!
No target in view!
No target in view!
HP restored.
k - 6 scrolls labelled HAKAUKK LARIFI (gained 1)
Things that are here:
a +0 flail; a +0 ring mail
Found a stormy altar of Qazlal.
An ogre comes into view. It is wielding a +0 giant spiked club.
Found an escape hatch in the ceiling.
The ogre shouts!
An ogre is nearby!
You puncture the ogre!
The ogre is moderately wounded.
The ogre closely misses you.
You hit the ogre.
The ogre is heavily wounded.
You hit the ogre.
The ogre is poisoned.
The ogre is heavily wounded.
The ogre hits you with a +0 giant spiked club!!
Ouch! That really hurt!
You are too injured to fight recklessly!
You are too injured to fight recklessly!
You are too injured to fight recklessly!
You are too injured to fight recklessly!
You closely miss the ogre.
You headbutt the ogre, but do no damage.
The ogre is heavily wounded.
The ogre hits you with a +0 giant spiked club!!
* * * LOW HITPOINT WARNING * * *
The ogre attacks as you move away!
The ogre hits you with a +0 giant spiked club!!
Ouch! That really hurt!
You die...

#. #.# ###.##### #.#
##.......# #.#
##......~.# #.#
#.......§.## #.# .##
#.§.§§~..###.##
#...#...§§~..##...##
#...§§§....##....###
##....@............##
#...O####..........##
#....# #...........##
##...# ##.......)....
##... #...........#
#.<. #..#######..#
..... #### #..# .....
##.# ##....# #.#


You could see an ogre (very poisoned).

Vanquished Creatures
  A water moccasin (D:5)
  An ogre (D:5)
  A howler monkey (D:4)
  A jelly (D:5)
  A hound (D:5)
  An orc wizard (D:5)
  2 adders
  A shadow imp (D:5)
  A white imp (D:5)
  2 worms
  5 dart slugs
  5 orcs (D:5)
  8 bats
  3 endoplasms
  3 giant cockroaches
  6 goblins
  7 hobgoblins
  6 quokkas
  5 ball pythons
  A frilled lizard (D:1)
  5 kobolds
  3 rats
69 creatures vanquished.

Notes
Turn   | Place    | Note
-------+----------+-------------------------------------------
     0 | D:1      | Martska the Demonspawn Fighter began the quest for the Orb.
     0 | D:1      | Reached XP level 1. HP: 18/18 MP: 1/1
   139 | D:1      | Gained mutation: You have a pair of small horns on your
                  | head. [demonic ancestry]
   139 | D:1      | Reached XP level 2. HP: 22/24 MP: 2/2
   325 | D:1      | Reached skill level 1 in Dodging
   636 | D:1      | Gained mutation: You have a pair of horns on your head.
                  | [demonic ancestry]
   636 | D:1      | Reached XP level 3. HP: 29/29 MP: 3/3
  1690 | D:3      | Reached XP level 4. HP: 37/37 MP: 4/4
  2248 | D:4      | Found a blossoming altar of Fedhas.
  2583 | D:4      | Reached skill level 4 in Fighting
  2853 | D:4      | Found a staircase to the Ecumenical Temple.
  2867 | Temple   | Entered the Ecumenical Temple
  3029 | D:5      | Entered Level 5 of the Dungeon
  3074 | D:5      | Reached XP level 5. HP: 36/42 MP: 5/5
  3213 | D:5      | Found a sacrificial altar of Ru.
  3326 | D:5      | Noticed an ogre
  3332 | D:5      | Killed an ogre
  3333 | D:5      | Reached XP level 6. HP: 32/49 MP: 6/6
  3564 | D:5      | Found an iron altar of Okawaru.
  3684 | D:5      | Noticed a water moccasin
  3699 | D:5      | Killed a water moccasin
  3700 | D:5      | Reached skill level 5 in Fighting
  3843 | D:5      | Found a stormy altar of Qazlal.
  3858 | D:5      | Annihilated by an ogre

Illustrated notes

Levels and vault maps discovered:
D:1:      psy_arrival_terrarium, layout_loops_corners
D:2:      layout_loops_corners
D:3:      layout_loops_ring
D:4:      layout_gridville, fedhas_altar_2, temple_hall
D:5:      layout_layer_cave, nicolae_qazlal_scattered_showers,
          nicolae_ru_awakened_eye, okawaru_ov_weapons_minmay,
          mainiacjoe_overflow_concentric_impassable
Temple:   nicolae_temple_figure_zero

Skill      XL: |  1  2  3  4  5  6 |
---------------+-------------------+-----
Dodging        | 1 2 3 |  3.4
Armour         | 3 |  3.7
Shields        | 3 |  3.6
Fighting       | 4 5 |  5.0
Axes           | |  1.7

Action                     |  1- 3 |  4- 6 || total
---------------------------+-------+-------++-------
  Melee: War axe           |    29 |       ||    29
         Spear             |    71 |    95 ||   166
         Headbutt          |     8 |    11 ||    19
    Use: Potion            |       |     1 ||     1
 Armour: Scale mail        |    23 |    15 ||    38
  Dodge: Dodged            |    31 |    31 ||    62
  Block: Buckler           |    14 |    14 ||    28
